 Dungeon Crawl Stone Soup version 0.30-a0-883-g5ad918d77d (webtiles) character file.

Game seed: 13460956030932969241

4363 avis the Martial Artist (level 10, -1/88 HPs)
             Began as a Hill Orc Monk on Mar 15, 2023.
             Was a Priest of Beogh.
             Slain by a two-headed ogre
             ... wielding a +0 giant club
              (17 damage)
             ... on level 9 of the Dungeon on Mar 16, 2023.
             The game lasted 01:22:43 (12211 turns).

avis the Martial Artist (Hill Orc Monk)            Turns: 12211, Time: 01:22:43

Health: -1/88      AC: 11    Str: 17    XL:     10   Next: 34%
Magic:  12/13      EV: 13    Int: 12    God:    Beogh [***...]
Gold:   237        SH:  0    Dex: 15    Spells: 7/11 levels left

rFire   . . .      SeeInvis .    a - +9 war axe "Tylob" {protect, *Slow rPois Str+2}
rCold   . . .      Faith    .    (no shield)
rNeg    . . .      Spirit   .    Q - +0 swamp dragon scales
rPois   +          Reflect  .    q - +0 helmet
rElec   .          Rampage  .    (no cloak)
rCorr   .                        y - +0 pair of gloves
Will    .....                    o - +0 pair of boots {Fly}
Stlth   +                        (no amulet)
HPRegen 0.34/turn                (no ring)
MPRegen 0.13/turn                (no ring)

@: flying, slowed, very slow
A: no striking features
a: Renounce Religion, Smiting


You were on level 9 of the Dungeon.
You worshipped Beogh.
Beogh was most pleased with you.
You visited 2 branches of the dungeon, and saw 10 of its levels.

You collected 372 gold pieces.
You spent 135 gold pieces at shops.

Inventory:

Hand Weapons
 a - the +9 war axe "Tylob" (weapon) {protect, *Slow rPois Str+2}
   (You found it on level 8 of the Dungeon)

   Str:       It affects your strength (+2).
   rPois:     It protects you from poison.
   *Slow:     It may slow you when you take damage.
 b - a +0 shortbow
 h - a +1 dagger of electrocution
 l - a +0 shortbow
 s - a +0 shortbow
 v - a +1 glaive of venom
 B - a +0 trident
 D - a +2 falchion of holy wrath
 L - a +0 shortbow
Missiles
 e - 40 poisoned darts (quivered)
 n - 2 boomerangs of dispersal
Armour
 o - a +0 pair of boots of flying (worn)
 q - a +0 helmet (worn)
 y - a +0 pair of gloves (worn)
 C - a +0 chain mail
 O - a +0 buckler
 Q - +0 swamp dragon scales (worn)
Jewellery
 r - a ring of fire
Wands
 k - a wand of acid (2)
 t - a wand of polymorph (19)
 J - a wand of paralysis (2)
Scrolls
 c - a scroll of enchant weapon {unknown}
 d - 3 scrolls of immolation {unknown}
 j - a scroll of silence {unknown}
 m - 2 scrolls of fog {unknown}
 p - a scroll of fear {unknown}
 u - 2 scrolls of teleportation {unknown}
 w - 2 scrolls of vulnerability {unknown}
 z - 2 scrolls of enchant armour {unknown}
 E - a scroll of butterflies {unknown}
 K - 4 scrolls of blinking
Potions
 f - a potion of attraction {unknown}
 g - 2 potions of cancellation
 i - 5 potions of might
 x - a potion of haste {unknown}
 A - a potion of invisibility
 F - a potion of mutation {unknown}
 G - 3 potions of brilliance
 H - a potion of curing {unknown}
 I - 3 potions of heal wounds
 M - a potion of degeneration {unknown}
 N - 2 potions of berserk rage {unknown}


   Skills:
 - Level 8.0 Fighting
 * Level 4.0 Armour
 - Level 5.0 Dodging
 - Level 2.0 Stealth
 - Level 12.0 Unarmed Combat
 - Level 1.0 Spellcasting
 - Level 1.0 Hexes
 - Level 2.0 Air Magic
 - Level 5.0 Invocations


You had 7 spell levels left.
You knew the following spells:

 Your Spells              Type           Power      Damage    Failure   Level
a - Slow                  Hex            12%        N/A       34%         1
f - Swiftness             Air            5%         N/A       56%         3

Your spell library contained the following spells:

 Spells                   Type           Power      Damage    Failure   Level
 Shock                    Conj/Air       12%        1d3       34%         1
 Kiss of Death            Conj/Necr      0%         2d5       45%         1
 Confusing Touch          Hex            3%         N/A       71%         3
 Dazzling Flash           Conj/Hex       2%         N/A       77%         3
 Kindle Blastsparks       Fire/Tloc/Air  4%         2d10      77%         3
 Portal Projectile        Hex/Tloc       2%         N/A       77%         3
 Call Canine Familiar     Summ           0%         N/A       83%         3
 Gell's Gravitas          Tloc           0%         N/A       83%         3
 Stone Arrow              Conj/Erth      0%         3d7       83%         3
 Teleport Other           Tloc           0%         N/A       83%         3
 Vampiric Draining        Necr           0%         2d6       83%         3
 Airstrike                Air            2%         2d(1-17)  92%         4
 Animate Armour           Summ/Erth      0%         N/A       99%         4
 Dispel Undead            Necr           0%         3d6       99%         4
 Fulminant Prism          Conj/Hex       0%         3d5       99%         4
 Iskenderun's Mystic Bla  Conj/Tloc      0%         2d3       99%         4
 Leda's Liquefaction      Hex/Erth       0%         N/A       99%         4
 Summon Ice Beast         Ice/Summ       0%         N/A       99%         4
 Lee's Rapid Deconstruct  Erth           0%         3d4*      100%        5
 Summon Mana Viper        Hex/Summ       1%         N/A       100%        5
 Dispersal                Tloc           0%         N/A       100%        6
 Starburst                Conj/Fire      0%         6d3       100%        6
 Monstrous Menagerie      Summ           0%         N/A       100%        7
 Lehudib's Crystal Spear  Conj/Erth      0%         10d2      100%        8


Dungeon Overview and Level Annotations

Branches:
Dungeon (9/15)             Temple (1/1) D:5
   Lair: D:8-11         Orc: D:9-12

Altars:
Ashenzari
Cheibriados
Dithmenos
Elyvilon
Fedhas
Gozag
Hepliaklqana
Makhleb
Nemelex Xobeh
Qazlal
Ru
Sif Muna
Trog
Uskayaw
Wu Jian
Yredelemnul
Zin
The Shining One

Shops:
D:1 (   D:3 [   D:6 [

Annotations:
D:9 1 transporter


Message History

The yak is moderately wounded.
The yak gores you. The yak gores you!
You feel yourself slow down.
You hit the yak.
The yak is heavily wounded.
The yak gores you but does no damage. x2
You slash the yak!
The yak is severely wounded.
The yak gores you but does no damage. The yak gores you!
You slice the yak!!
You kill the yak!
Beogh accepts your kill.
The two-headed ogre hits you with a +0 giant club!
The two-headed ogre hits you but does no damage.
Your Armour skill increases to level 4!
Cast which spell? (? or * to list)
Aiming: Slow (safe; 34% risk of failure)
Press: ? - help, Shift-Dir - straight line, f - two-headed ogre
Aim: a two-headed ogre, wielding two +0 giant clubs (ally target, chance to affect: 21%)
The two-headed ogre resists with almost no effort.
The two-headed ogre hits you with a +0 giant club!
The two-headed ogre closely misses you. What are your orders? t - Shout!
Orders for allies: a - Attack new target. p - Attack previous target. r - Retreat! s - Stop attacking. g - Guard the area. f - Follow me.
Anything else - Cancel.
Retreat in which direction?
Press: ? - help, Dir - move target, p - two-headed ogre Fall back!
The two-headed ogre hits you with a +0 giant club!
The two-headed ogre hits you but does no damage.
The two-headed ogre attacks as you move away!
The two-headed ogre hits you with a +0 giant club!!
* * * LOW HITPOINT WARNING * * *
The two-headed ogre barely misses you.
The two-headed ogre attacks as you move away!
The two-headed ogre hits you but does no damage.
The two-headed ogre hits you with a +0 giant club!
You die...

©.8# #... #### ... ©.8#
... ...# ..# ...# ##.#
...# ..# ...# ### #†#
...## ##.## #O#
....###.#.### #@#
#...##.##...####.#######
......###._.............
..)..()##)......o.######
....÷.#)#†........#
....####)##.......#
....# ####..####.# ....#
#..# .# .##.# #..# .#


You could see a two-headed ogre and the friendly Gorm the orc knight.

Vanquished Creatures
  Maggie (D:8)
  6 yaks
  A steam dragon (D:9)
  2 black bears
  An orc warrior (D:5)
  2 ice beasts
  3 centaurs
  A phantom (D:5)
  Blork the orc (D:6)
  A kobold brigand (D:9)
  3 scorpions
  10 wights
  5 killer bees (D:9)
  2 howler monkeys
  A hound (D:3)
  A gnoll bouda (D:5)
  2 orc priests (D:7)
  A jelly (D:6)
  2 sleepcaps
  Ijyb (D:5)
  9 orc wizards
  6 gnolls
  5 adders
  A shadow imp (D:5)
  3 white imps
  An ufetubus (D:4)
  21 orcs
  6 ball pythons
  4 bats
  8 endoplasms
  2 giant cockroaches
  12 goblins
  9 hobgoblins
  6 jackals
  6 quokkas
  8 frilled lizards
  17 kobolds
  5 rats
176 creatures vanquished.

Vanquished Creatures (collateral kills)
  A steam dragon (D:8)
  An ice beast (D:8)
  2 orc warriors
  3 centaurs
  2 kobold brigands
  A bullfrog (D:9)
  A wight (D:8)
  An orc wizard (D:7)
  6 orcs
  3 kobolds (D:8)
21 creatures vanquished.

Vanquished Creatures (others)
  A scorpion (D:4)
  3 orc wizards (D:9)
  2 gnolls (D:4)
  7 orcs
  4 withered plants (D:9)
17 creatures vanquished.

Grand Total: 214 creatures vanquished

Notes
Turn   | Place    | Note
-------+----------+-------------------------------------------
     0 | D:1      | avis the Hill Orc Monk began the quest for the Orb.
     0 | D:1      | Reached XP level 1. HP: 19/19 MP: 1/1
    60 | D:1      | Reached XP level 2. HP: 15/26 MP: 2/2
   309 | D:1      | Found Ynlotrups's Weapon Shop.
   373 | D:1      | Reached skill level 4 in Unarmed Combat
   791 | D:1      | Reached XP level 3. HP: 26/31 MP: 3/3
  1203 | D:2      | Reached skill level 5 in Unarmed Combat
  1868 | D:2      | Reached XP level 4. HP: 39/39 MP: 4/4
  2228 | D:3      | Found Deuthriti's Antique Armour Emporium.
  2242 | D:3      | Bought a pair of embroidered boots for 135 gold pieces
  2750 | D:3      | Reached skill level 6 in Unarmed Combat
  2750 | D:3      | Reached XP level 5. HP: 45/46 MP: 5/5
  3483 | D:4      | Became a worshipper of Beogh the Brigand
  3483 | D:4      | Reached * piety under Beogh
  3483 | D:4      | Reached ** piety under Beogh
  3849 | D:4      | Found a blossoming altar of Fedhas.
  4269 | D:4      | Found a white marble altar of Elyvilon.
  4277 | D:4      | Noticed a black bear
  4290 | D:4      | Killed a black bear
  4291 | D:4      | Reached skill level 5 in Fighting
  4291 | D:4      | Reached XP level 6. HP: 27/56 MP: 6/6
  4497 | D:5      | Entered Level 5 of the Dungeon
  4587 | D:5      | Noticed Ijyb
  4658 | D:5      | Found a staircase to the Ecumenical Temple.
  4695 | Temple   | Entered the Ecumenical Temple
  4730 | D:5      | Noticed a black bear
  4740 | D:5      | Killed a black bear
  4741 | D:5      | Reached skill level 7 in Unarmed Combat
  4741 | D:5      | Reached XP level 7. HP: 61/61 MP: 7/7
  4833 | D:5      | Found a snail-covered altar of Cheibriados.
  5167 | D:5      | Reached skill level 8 in Unarmed Combat
  5605 | D:5      | Killed Ijyb
  5614 | D:5      | Learned a level 1 spell: Slow
  5719 | D:6      | Noticed Blork the orc
  5728 | D:6      | Killed Blork the orc
  5905 | D:6      | Reached XP level 8. HP: 63/70 MP: 8/8
  5949 | D:6      | Found Taffaec's Armour Emporium.
  6265 | D:5      | Reached skill level 9 in Unarmed Combat
  7080 | D:6      | Reached skill level 10 in Unarmed Combat
  7868 | D:7      | Noticed a yak
  7881 | D:7      | Noticed a yak
  7883 | D:7      | Noticed a yak
  7962 | D:6      | Killed a yak
  7963 | D:6      | Reached skill level 1 in Spellcasting
  7963 | D:6      | Reached skill level 1 in Hexes
  8067 | D:6      | Killed a yak
  8296 | D:6      | Killed a yak
  8297 | D:6      | Reached XP level 9. HP: 43/79 MP: 10/10
  9124 | D:7      | Reached *** piety under Beogh
  9178 | D:7      | Learned a level 3 spell: Swiftness
  9190 | D:7      | Reached skill level 11 in Unarmed Combat
  9549 | D:7      | Found a shimmering blue altar of Sif Muna.
  9906 | D:8      | Identified the +9 war axe "Tylob" {protect, *Slow rPois
                  | Str+2}
 10182 | D:8      | Reached skill level 12 in Unarmed Combat
 10185 | D:8      | Identified the +1 robe "Allali Umpac" {rElec Str+5 Dex-3}
 10603 | D:8      | Reached skill level 5 in Dodging
 10718 | D:8      | Noticed Maggie
 10725 | D:8      | Killed Maggie
 10822 | D:8      | Found an ornate altar of the Wu Jian Council.
 11724 | D:9      | Reached XP level 10. HP: 74/86 MP: 11/13
 11791 | D:9      | Found a transporter.
 11791 | D:9      | Found a transporter.
 11879 | D:9      | Found a stormy altar of Qazlal.
 11879 | D:9      | Found a shadowy altar of Dithmenos.
 11880 | D:9      | Found a glowing golden altar of the Shining One.
 11888 | D:9      | Gained Gorm as an ally
 11889 | D:9      | Reached skill level 5 in Invocations
 11976 | D:9      | Found a burning altar of Makhleb.
 11991 | D:9      | Reached skill level 1 in Armour
 12200 | D:9      | Noticed a two-headed ogre
 12211 | D:9      | Slain by a two-headed ogre

Illustrated notes

Levels and vault maps discovered:
D:1:      scummos_arrival_checkerplants, layout_rooms, serial_shops,
          nicolae_shop_bloodbath_and_beyond, minmay_misc_feat_tiny,
          hangedman_decor_opposing, palyth_stone_intersect,
          minmay_split_cup_large
D:2:      layout_basic, minmay_goblin_outpost
D:3:      layout_basic, serial_shops, shop, minmay_statues_item,
          bh_walls_and_bars
D:4:      layout_basic, elyvilon_altar_4, lemuel_doored_altar
D:5:      layout_gridville, general_overflow_altar,
          minmay_temple_entry_junction_2, minmay_misc_feat_iff,
          kennysheep_generic_room_8, uniq_ijyb
D:6:      layout_layer_cave, serial_shops,
          nicolae_shop_competitors_out_of_business, uniq_blork_the_orc
D:7:      layout_rooms, lemuel_crystal_altar, grunt_ministairs_8
D:8:      layout_gridville, lemuel_round_altar, uniq_maggie
D:9:      layout_loops_ring, bloody_makhleb,
          chequers_temple_overflow_statue_of_worship, okawaru_gym_becter,
          xom_teletrap_fun, kiku_gazebo_garden_becter, nicolae_diode_stairs
Temple:   hellmonk_temple_rainy

Skill      XL: |  1  2  3  4  5  6  7  8  9 10 |
---------------+-------------------------------+-----
Unarmed Combat | 4 5 6 7 8 10 12 | 12.0
Fighting       | 5 6 7 8 |  8.0
Dodging        | 3 4 5 |  5.0
Stealth        | 2 |  2.0
Spellcasting   | 1 |  1.0
Hexes          | 1 |  1.0
Invocations    | 2 4 5 |  5.0
Air Magic      | 2 |  2.0
Armour         | 4 |  4.0

Action                     |  1- 3 |  4- 6 |  7- 9 | 10-12 || total
---------------------------+-------+-------+-------+-------++-------
  Melee: Unarmed           |    70 |    98 |   212 |       ||   380
         Punch             |     1 |     3 |    16 |     7 ||    27
         War axe           |       |       |    38 |    63 ||   101
   Fire: Sling             |    78 |    92 |    33 |       ||   203
         Shortbow          |       |       |    81 |     3 ||    84
  Throw: Dart              |       |     9 |       |       ||     9
   Cast: Slow              |       |       |       |     1 ||     1
 Invoke: Convert to Beogh  |       |     1 |       |       ||     1
  Evoke: Wand              |       |     5 |     4 |       ||     9
    Use: Scroll            |       |     4 |     3 |       ||     7
         Potion            |       |       |     1 |       ||     1
   Stab: Sleeping          |       |       |     1 |       ||     1
         Distracted        |       |       |     1 |       ||     1
 Armour: Robe              |    25 |    30 |    72 |       ||   127
         Swamp dragon scal |       |       |     5 |    49 ||    54
  Dodge: Dodged            |    56 |    67 |   139 |    77 ||   339

Table legend: (Time is in decaauts)
 A = Elapsed time spent in this place.
 B = Non-inter-level travel time spent in this place.
 C = Inter-level travel time spent in this place.
 D = Time resting spent in this place.
 E = Time spent auto-exploring this place.
 F = Levels seen in this place.
 G = Mean time per level.
                   A        B        C        D        E       F      G
               +--------+--------+--------+--------+--------+-----+--------+
         Total |  12250 |  10764 |   1486 |   2869 |   4766 |  10 | 1225.0 |
       Dungeon |  12134 |  10650 |   1484 |   2869 |   4766 |   9 | 1348.2 |
        Temple |    116 |    115 |      1 |      0 |      0 |   1 |  116.0 |
               +--------+--------+--------+--------+--------+-----+--------+

Top non-repeatable levels by time:
     D:6: 2882 daAuts
     D:8: 1692 daAuts
     D:5: 1531 daAuts
     D:4: 1435 daAuts
     D:2: 1230 daAuts
     D:1: 1056 daAuts
     D:3: 1002 daAuts
     D:7: 763 daAuts
     D:9: 539 daAuts
  Temple: 116 daAuts
